 Dungeon Crawl Stone Soup version 0.29.1-1-gd02db6906a (webtiles) character file.

Game seed: 4738746558747075714

5603 LabCoat the Cleaver (level 10, 0/132 HPs)
             Began as a Hill Orc Fighter on Oct 3, 2022.
             Was a Follower of Trog.
             Slain by a two-headed ogre
             ... wielding a +0 giant club
              (7 damage)
             ... on level 8 of the Dungeon.
             The game lasted 00:25:34 (7122 turns).

LabCoat the Cleaver (Hill Orc Fighter)              Turns: 7122, Time: 00:25:35

Health: 0/132      AC: 23    Str: 24    XL:     10   Next: 73%
Magic:  10/10      EV:  5    Int:  8    God:    Trog [*.....]
Gold:   869        SH:  8    Dex: 10    Spells: 9/9 levels left

rFire   . . .      SeeInvis .   a - +1 war axe
rCold   + . .      Faith    .   d - +0 kite shield
rNeg    . . .      Spirit   .   I - +2 plate armour {rC+}
rPois   .          Reflect  .   H - +1 hat
rElec   .          Harm     .   (no cloak)
rCorr   .          Rampage  .   k - +1 pair of gloves
Will    ++...                   (no boots)
Stlth   ..........              z - amulet of regeneration
HPRegen 2.12/turn               p - +4 ring of protection
MPRegen 0.12/turn               (no ring)

@: berserking, lethally poisoned (0 -> -1), strong-willed (expiring),
regenerating (expiring), slowed
A: no striking features
a: Renounce Religion, Berserk


You were on level 8 of the Dungeon.
You worshipped Trog.
Trog was aware of your devotion.
You visited 2 branches of the dungeon, and saw 9 of its levels.
You also visited: Bailey.

You collected 869 gold pieces.

Inventory:

Hand Weapons
 a - a +1 war axe (weapon)
 j - a +0 flail
 u - a +0 morningstar
Missiles
 l - 5 poisoned darts (quivered)
 s - 2 javelins
 v - 12 boomerangs
 E - a throwing net
Armour
 d - a +0 kite shield (worn)
 k - a +1 pair of gloves (worn)
 H - a +1 hat (worn)
 I - a +2 plate armour of cold resistance (worn)
Jewellery
 c - a ring of flight
 p - a +4 ring of protection (left hand)
 y - a ring of fire
 z - an amulet of regeneration (around neck)
 K - the ring of Ylekhlao {rC+ Int+5}
   (You found it on level 8 of the Dungeon)

   [ring of protection from cold]

   Int:       It affects your intelligence (+5).
   rC:        It protects you from cold.
Wands
 r - a wand of mindburst (19)
 x - a wand of digging (2)
 B - a wand of paralysis (25)
Scrolls
 b - a scroll of enchant armour
 e - 2 scrolls of immolation
 f - a scroll of fear
 h - 2 scrolls of teleportation
 i - a scroll of fog
 n - 2 scrolls of enchant weapon
 A - a scroll of silence {unknown}
 G - a scroll of blinking {unknown}
 J - a scroll of identify
Potions
 g - 4 potions of brilliance
 m - a potion of heal wounds
 q - 5 potions of curing
 t - a potion of ambrosia
 w - 5 potions of flight
 C - 2 potions of attraction {unknown}
 D - 2 potions of invisibility {unknown}
 F - a potion of lignification
Miscellaneous
 o - a box of beasts (inert)


   Skills:
 + Level 7.9 Fighting
 * Level 11.2 Axes
 + Level 5.2 Throwing
 * Level 9.8 Armour
 - Level 3.2 Shields
 + Level 5.9 Evocations


You had 9 spell levels left.
You didn't know any spells.
Your spell library contained the following spells:

 Spells                   Type           Power      Damage    Failure   Level
 Necrotise                Necr           0%         1d4       100%        1
 Scorch                   Fire           0%         2d5       100%        2
 Call Canine Familiar     Summ           0%         N/A       100%        3
 Portal Projectile        Hex/Tloc       0%         N/A       100%        3
 Tukima's Dance           Hex            0%         N/A       100%        3
 Vampiric Draining        Necr           0%         2d6       100%        3
 Flame Wave               Conj/Fire      0%         2d4       100%        4
 Leda's Liquefaction      Hex/Erth       0%         N/A       100%        4
 Passage of Golubria      Tloc           0%         N/A       100%        4
 Petrify                  Tmut/Erth      0%         N/A       100%        4
 Agony                    Necr           0%         N/A       100%        5
 Blade Hands              Tmut           0%         N/A       100%        5
 Irradiate                Conj/Tmut      0%         3d11      100%        5
 Metabolic Englaciation   Hex/Ice        0%         N/A       100%        5
 Yara's Violent Unravell  Hex/Tmut       0%         3d3       100%        5
 Statue Form              Tmut/Erth      0%         N/A       100%        6
 Summon Cactus Giant      Summ           0%         N/A       100%        6
 Dragon Form              Tmut           0%         N/A       100%        7


Dungeon Overview and Level Annotations

Branches:
Dungeon (8/15)             Temple (1/1) D:7          Bailey (visited)
   Lair: D:8-11

Altars:
Ashenzari
Cheibriados
Dithmenos
Elyvilon
Fedhas
Hepliaklqana
Kikubaaqudgha
Makhleb
Nemelex Xobeh
Okawaru
Qazlal
Ru
Sif Muna
Trog
Uskayaw
Vehumet
Xom
Yredelemnul
Zin
The Shining One


Message History

You feel very sick.
The two-headed ogre looks more healthy.
The two-headed ogre hits you with a +0 giant club!!
The two-headed ogre hits you with a +0 giant club!
You barely miss the two-headed ogre.
The two-headed ogre is lightly wounded.
You hit the kobold brigand.
You feel the effects of Trog's Hand fading.
You feel very sick.
The two-headed ogre hits you with a +0 giant club!
* * * LOW HITPOINT WARNING * * *
You block the two-headed ogre's attack. You block the kobold brigand's attack.
You barely miss the two-headed ogre.
The two-headed ogre is lightly wounded.
You barely miss the kobold brigand.
You feel sick.
The kobold brigand hits you but does no damage.
The two-headed ogre barely misses you.
The two-headed ogre hits you with a +0 giant club.
* * * LOW HITPOINT WARNING * * *
You slash the two-headed ogre!
The two-headed ogre is heavily wounded.
You barely miss the kobold brigand.
You feel sick. You block the kobold brigand's attack.
You barely miss the two-headed ogre.
The two-headed ogre is heavily wounded.
You completely miss the kobold brigand.
You feel sick.
The two-headed ogre hits you with a +0 giant club!
* * * LOW HITPOINT WARNING * * *
The two-headed ogre hits you with a +0 giant club.
* * * LOW HITPOINT WARNING * * *
The kobold brigand barely misses you.
You are too berserk!
You are too berserk!
You slash the two-headed ogre!
The two-headed ogre is severely wounded.
You barely miss the kobold brigand.
You feel sick.
The kobold brigand hits you but does no damage.
The two-headed ogre barely misses you.
The two-headed ogre hits you with a +0 giant club!
You die...

########......##)..#*,,,,*
#,,,,,,#......§≈≈§§#####***
+,,,,,,+.....§≈..§§§....,,*
#,,,,,,#.....≈)~☼.§≈....,,*
#,,,,,,#.....§.°_..(....,,*
#,,,,,,#.....≈.○~§§≈....,,*
#,,,**,#.....§§§~~≈≈....,,*
#,,,**,##+#...≈≈≈≈≈(....,,*
#,,,,*,,,,#.....@O......,,*
#,,,,*,,,,#.....K.......,,*
+,,,,*,,,,#.............,,*
###,**,,,*#.............,,*
..#,**,,,*#####.........,,*
..#,,,,,,*,,,,#.........,,*
..#,,,,,,+,,,,#.....####***
..#,,,>,,*,,,,#.....#
..#,,,,,,*,,,,*,,,,,*


You could see a two-headed ogre and a kobold brigand.

Vanquished Creatures
  An orc knight (Bailey)
  A spriggan (D:7)
  5 yaks (D:8)
  A shadow (D:7)
  2 steam dragons
  A water moccasin (D:7)
  2 black bears
  6 orc warriors
  A sky beast (D:7)
  An ice beast (D:8)
  2 centaurs
  An ogre (D:7)
  A kobold brigand (D:6)
  2 bullfrogs
  2 gnoll sergeants
  2 scorpions
  3 wights (D:8)
  An oklob sapling (D:7)
  5 killer bees (D:8)
  4 howler monkeys
  2 orc priests
  7 hounds
  6 iguanas
  8 orc wizards
  A mummy (D:4)
  14 gnolls
  8 adders
  2 shadow imps
  An ufetubus (D:6)
  A worm (D:2)
  2 dart slugs
  29 orcs
  8 ball pythons
  6 bats
  12 endoplasms
  2 giant cockroaches
  6 goblins
  9 hobgoblins
  2 jackals (D:3)
  2 quokkas
  2 frilled lizards
  2 hobgoblin zombies (D:4)
  14 kobolds
  2 orc zombies (D:4)
  10 rats
202 creatures vanquished.

Vanquished Creatures (collateral kills)
  A gargoyle (D:8)
  A sky beast (D:8)
  An ice beast (D:8)
  2 wights (D:8)
  A jelly (D:8)
6 creatures vanquished.

Vanquished Creatures (others)
  A black bear (D:8)
  A centaur (D:8)
  A gnoll sergeant (D:8)
  2 howler monkeys (D:8)
  An orc wizard (D:6)
  2 orcs
  2 fungi (D:5)
  7 plants (D:7)
17 creatures vanquished.

Grand Total: 225 creatures vanquished

Notes
Turn   | Place    | Note
-------+----------+-------------------------------------------
     0 | D:1      | LabCoat the Hill Orc Fighter began the quest for the Orb.
     0 | D:1      | Reached XP level 1. HP: 19/19 MP: 1/1
   100 | D:1      | Reached skill level 3 in Axes
   236 | D:1      | Reached XP level 2. HP: 22/27 MP: 2/2
   759 | D:1      | Reached XP level 3. HP: 32/33 MP: 3/3
  1127 | D:2      | Found a radiant altar of Vehumet.
  2158 | D:3      | Reached skill level 1 in Evocations
  2158 | D:3      | Reached XP level 4. HP: 34/40 MP: 4/4
  2222 | D:3      | Reached skill level 1 in Throwing
  2417 | D:3      | HP: 2/40 [iguana (10)]
  2420 | D:3      | Reached skill level 4 in Axes
  3045 | D:3      | Reached XP level 5. HP: 43/46 MP: 5/5
  3375 | D:4      | Reached XP level 6. HP: 50/53 MP: 6/6
  3398 | D:4      | Reached skill level 5 in Axes
  3578 | D:4      | Noticed a black bear
  3583 | D:4      | Killed a black bear
  3584 | D:4      | Reached skill level 5 in Armour
  3671 | D:4      | Found a sacrificial altar of Ru.
  3833 | D:4      | Found a radiant altar of Vehumet.
  3978 | D:5      | Entered Level 5 of the Dungeon
  4143 | D:5      | Reached XP level 7. HP: 60/60 MP: 7/7
  4475 | D:5      | Reached skill level 6 in Axes
  4491 | D:5      | Reached skill level 5 in Fighting
  4493 | D:5      | Found a stormy altar of Qazlal.
  4722 | D:5      | Found a shadowy altar of Dithmenos.
  4818 | D:6      | Reached XP level 8. HP: 40/68 MP: 8/8
  4927 | D:6      | Reached skill level 7 in Axes
  5270 | D:7      | Reached skill level 8 in Axes
  5516 | D:7      | Reached XP level 9. HP: 62/75 MP: 9/9
  5537 | D:7      | Found a blossoming altar of Fedhas.
  5711 | D:7      | Found an ancient bone altar of Kikubaaqudgha.
  5845 | D:7      | Found a staircase to the Ecumenical Temple.
  5863 | Temple   | Entered the Ecumenical Temple
  5888 | Temple   | Became a worshipper of Trog the Wrathful
  5979 | D:7      | Reached skill level 9 in Axes
  6236 | D:8      | Found a flagged portal.
  6245 | Bailey   | Entered a bailey
  6281 | Bailey   | Reached * piety under Trog
  6330 | Bailey   | Reached skill level 5 in Evocations
  6333 | Bailey   | Reached XP level 10. HP: 49/86 MP: 10/10
  6351 | Bailey   | Noticed an orc knight
  6360 | Bailey   | Reached skill level 10 in Axes
  6368 | Bailey   | Killed an orc knight
  6727 | D:8      | Reached skill level 5 in Throwing
  6871 | D:8      | Reached ** piety under Trog
  6877 | D:8      | Reached skill level 11 in Axes
  7001 | D:8      | Identified the ring of Ylekhlao {rC+ Int+5}
  7021 | D:8      | Found a shimmering altar of Xom.
  7021 | D:8      | Noticed a gargoyle
  7026 | D:8      | Killed a gargoyle
  7102 | D:8      | Noticed a two-headed ogre
  7121 | D:8      | HP: 6/132 [two-headed ogre/+0 giant club (2)]
  7122 | D:8      | Slain by a two-headed ogre

Illustrated notes

Levels and vault maps discovered:
D:1:      matt_arrival_diagonals, layout_loops_ring
D:2:      layout_basic, basic_altar, palyth_stone_intersect, minivault_19,
          hex_tiny
D:3:      layout_loops_corners
D:4:      layout_rooms, nicolae_ru_the_path_less_chosen,
          mainiacjoe_overflow_cross_hatched, minmay_mini_ossuary
D:5:      layout_basic, mainiacjoe_overflow_big_doors
D:6:      layout_rooms
D:7:      layout_basic, nicolae_kikubaaqudgha_miasma_corner,
          mainiacjoe_overflow_paths, minmay_temple_entry_oklob, the_hattery
D:8:      layout_gridville, xom_confusion_cloud, enter_bailey_2
Temple:   nicolae_temple_god_jail

Skill      XL: |  1  2  3  4  5  6  7  8  9 10 |
---------------+-------------------------------+-----
Axes           | 3 4 5 6 8 9 11 | 11.2
Evocations     | 1 2 3 4 5 |  5.9
Throwing       | 1 2 3 4 5 |  5.2
Fighting       | 4 5 6 7 |  7.9
Armour         | 4 5 6 7 8 9 |  9.8
Shields        | |  3.2

Action                   |  1- 3 |  4- 6 |  7- 9 | 10-12 || total
-------------------------+-------+-------+-------+-------++-------
Melee: War axe           |   130 |   100 |   353 |    95 ||   678
Throw: Javelin           |       |    14 |    16 |     2 ||    32
       Throwing net      |       |     3 |       |       ||     3
       Boomerang         |       |     4 |       |       ||     4
       Dart              |       |       |       |     3 ||     3
Invok: Berserk           |       |       |       |     2 ||     2
       Trog's Hand       |       |       |       |     2 ||     2
Evoke: Wand              |       |       |     2 |       ||     2
       Box of beasts     |       |       |       |     1 ||     1
  Use: Scroll            |     5 |     3 |     7 |     2 ||    17
       Potion            |       |     2 |     5 |     1 ||     8
Armor: Scale mail        |    27 |       |       |       ||    27
       Chain mail        |    57 |    47 |     2 |       ||   106
       Skin              |       |    22 |    66 |       ||    88
       Plate armour      |       |       |   218 |    57 ||   275
Dodge: Dodged            |    51 |    45 |   110 |    23 ||   229
Block: Buckler           |    33 |    32 |    77 |       ||   142
       Kite shield       |       |       |    22 |    38 ||    60
